 Dungeon Crawl Stone Soup version 0.27-a0-604-g29a88b33a7 (webtiles) character file.

Game seed: 10244023207821057579

2254 rednaxela the Shooter (level 9, -1/69 HPs)
             Began as a Barachi Brigand on Mar 12, 2021.
             Was a Priest of Okawaru.
             Slain by a two-headed ogre
             ... wielding a +0 giant club
              (19 damage)
             ... on level 8 of the Dungeon.
             The game lasted 00:19:38 (9493 turns).

rednaxela the Shooter (Barachi Brigand)             Turns: 9493, Time: 00:19:39

Health: -1/69      AC: 11    Str: 16    XL:     9   Next: 37%
Magic:  9/9        EV: 11    Int: 11    God:    Okawaru [***...]
Gold:   329        SH:  0    Dex: 14    Spells: 8/8 levels left

rFire    . . .     SeeInvis .   L - +9 quarterstaff of the Thing {vamp, +Inv}
rCold    . . .     Faith    .   (shield currently unavailable)
rNeg     . . .     Spirit   .   y - +0 scale mail
rPois    +         Reflect  .   (no helmet)
rElec    .         Harm     .   c - +0 cloak
rCorr    .         Rampage  .   p - +1 pair of gloves
Will     .....                  (no boots)
Stlth    +.........             (no amulet)
HPRegen  0.21/turn              v - ring of poison resistance
MPRegen  0.11/turn              (no ring)

@: slow
A: +LOS, amphibious, slowness 1, strong legs 1
a: Hop, Renounce Religion, Evoke Invisibility, Heroism


You were on level 8 of the Dungeon.
You worshipped Okawaru.
Okawaru was most pleased with you.
You visited 1 branch of the dungeon, and saw 8 of its levels.

You collected 472 gold pieces.
You spent 143 gold pieces at shops.

Inventory:

Hand Weapons
 a - a +2 whip of venom
   (You found it on level 3 of the Dungeon)
 b - a +2 vorpal flail
   (You found it on level 3 of the Dungeon)
 w - a +0 hunting sling
   (You found it on level 1 of the Dungeon)
 H - a +0 shortbow
   (You took it off a centaur on level 6 of the Dungeon)
 L - the +9 quarterstaff of the Thing (weapon) {vamp, +Inv}
   (You found it on level 7 of the Dungeon)

   It inflicts no extra harm, but heals its wielder when it wounds a living foe.
   It lets you turn invisible.
Missiles
 d - 18 poisoned darts (quivered)
 e - 5 curare-tipped darts
 f - 121 arrows
 h - 269 stones
Armour
 c - a +0 cloak (worn)
 p - a +1 pair of gloves (worn)
   (You found it on level 2 of the Dungeon)
 y - a +0 scale mail (worn)
   (You found it on level 5 of the Dungeon)
Jewellery
 v - a ring of poison resistance (right hand)
   (You found it on level 3 of the Dungeon)
 F - an amulet of faith
   (You found it on level 5 of the Dungeon)
 K - a ring of fire
   (You found it on level 6 of the Dungeon)
Wands
 x - a wand of flame (9) {@v4}
   (You found it on level 5 of the Dungeon)
 G - a wand of mindburst (10)
   (You found it on level 6 of the Dungeon)
 I - a wand of paralysis (7)
   (You found it on level 6 of the Dungeon)
Scrolls
 g - 5 scrolls of teleportation {@r3 !r}
 i - a scroll of enchant armour {unknown}
 k - 3 scrolls of blinking {unknown}
 m - 3 scrolls of immolation {unknown}
 n - a scroll of fog {unknown}
 o - 2 scrolls of enchant weapon {unknown}
 q - 2 scrolls of noise {unknown}
 s - 3 scrolls of magic mapping {unknown}
 u - 4 scrolls of identify {unknown}
 B - 2 scrolls of amnesia {unknown}
 M - a scroll of fear {unknown}
 N - a scroll of random uselessness {unknown}
Potions
 j - 3 potions of brilliance {unknown}
 l - a potion of haste {unknown}
 r - a potion of lignification {@q5}
 t - 2 potions of curing {@q1 !q}
 z - 2 potions of heal wounds {@q2 !q}
 A - a potion of attraction {unknown}
 C - 2 potions of might {@q3 !q}
 D - a potion of flight {unknown}
 E - 2 potions of berserk rage {unknown}
 J - a potion of ambrosia {unknown}


   Skills:
 - Level 6.0 Fighting
 - Level 2.2 Short Blades
 - Level 6.0 Maces & Flails
 + Level 6.9 Bows
 - Level 2.0 Throwing
 - Level 5.5 Armour
 - Level 5.1 Dodging
 - Level 3.6 Stealth


You had 8 spell levels left.
You didn't know any spells.
Your spell library contained the following spells:

 Spells                   Type           Power      Damage    Failure   Level
 Animate Skeleton         Necr           0%         N/A       75%         1
 Corona                   Hex            0%         N/A       75%         1
 Pain                     Necr           0%         1d4       75%         1
 Sandblast                Erth           0%         2d4       75%         1
 Ensorcelled Hibernation  Hex/Ice        0%         N/A       86%         2
 Passwall                 Tmut/Erth      0%         N/A       86%         2
 Confusing Touch          Hex            0%         N/A       98%         3
 Dazzling Flash           Conj/Hex       0%         N/A       98%         3
 Stone Arrow              Conj/Erth      0%         3d7       98%         3
 Tukima's Dance           Hex            0%         N/A       98%         3
 Vampiric Draining        Necr           0%         2d6       98%         3
 Animate Dead             Necr           0%         N/A       100%        4
 Petrify                  Tmut/Erth      0%         N/A       100%        4
 Agony                    Necr           0%         N/A       100%        5
 Lee's Rapid Deconstruct  Erth           0%         3d5*      100%        5


Dungeon Overview and Level Annotations

Branches:
Dungeon (8/15)             Temple (0/1) D:7
   Lair: D:8-11

Altars:
Ashenzari
Elyvilon
Okawaru
Yredelemnul

Shops:
D:5 !(

Annotations:
D:4 1 runed translucent door, GoldenjunoSP's ghost, amateur DrTm
D:8 Grum


Innate Abilities, Weirdness & Mutations

You can be seen from farther away. (+LOS)
You are amphibious.
You cover ground slowly.
You can hop short distances.


Message History

There is an open door here.
You open the door.
There is an open door here.
You open the door.
There is an open door here.
You open the door.
There is an open door here.
As you open the door, it creaks loudly!
Found a stone staircase leading up.
There is an open door here.
You open the door.
There is an open door here.
You open the door.
There is an open door here.
There is an open door here.
Things that are here:
a +0 dagger; a +0 robe
Things that are here:
a +0 dagger; a +0 club You see here a +0 flail.
You see here a +0 flail.
Found a basalt altar of Yredelemnul.
Done exploring.
Done exploring.
Done exploring.
Welcome back, rednaxela the Barachi Brigand.
Okawaru says: Bring me glory in combat!
Press ? for a list of commands and other information.
Okay, then.
There is a stone staircase leading down here.
You climb downwards.
A quokka, a hound and a scorpion come into view.
The hound barks!
Found a chain mail, a cloak and a buckler.
Found a stone staircase leading up.
There is a stone staircase leading up here.
You sock the scorpion!
You kill the scorpion!
You sock the hound!
The hound is heavily wounded.
The hound bites you. The hound barely misses you.
You hit the hound.
The hound is almost dead.
The hound bites you. The hound completely misses you.
You sock the hound!
You feel better.
You kill the hound!
The quokka bites you but does no damage.
The quokka misses you.
You sock the quokka!
You feel better.
You kill the quokka!
No target in view!
You climb upwards.
There is a stone staircase leading down here.
There is an open door here.
There is an open door here.
There is a stone staircase leading down here.
You climb downwards.
There is a stone staircase leading up here.
Found a stone staircase leading up.
You see here a +0 cloak.
A wolf and Grum come into view.
Grum is wielding a +1 spear and carrying a wand of random effects (15).
Marking area around Grum as unsafe for travelling.
You see here a +0 cloak.
Found a scroll labelled DOFA FEAFORI.
Found a robe.
Found a stone staircase leading down.
A bullfrog comes into view.
The bullfrog moves out of view.
N - a scroll labelled DOFA FEAFORI
Found a glaive.
You see here a +0 robe.
Found a crude robe.
Found 14 gold pieces.
Found 7 gold pieces.
A two-headed ogre comes into view.
It is wielding a +0 giant club and a +0 giant spiked club.
The two-headed ogre shouts in stereo!
You hear an angry hiss.
The two-headed ogre completely misses you.
The two-headed ogre barely misses you.
You thump the two-headed ogre!
The two-headed ogre is moderately wounded.
You sock the two-headed ogre!
The two-headed ogre is heavily wounded.
The two-headed ogre closely misses you. The two-headed ogre barely misses you.
You sock the two-headed ogre!
The two-headed ogre is severely wounded.
The two-headed ogre hits you but does no damage.
The two-headed ogre hits you with a +0 giant spiked club!
You sock the two-headed ogre!
You feel better.
The two-headed ogre is severely wounded.
The two-headed ogre hits you with a +0 giant club!
The two-headed ogre hits you with a +0 giant spiked club!!
* * * LOW HITPOINT WARNING * * *
You are too injured to fight recklessly!
You thump the two-headed ogre!
You feel better.
The two-headed ogre is almost dead.
The two-headed ogre hits you with a +0 giant club!!
* * * LOW HITPOINT WARNING * * *
The two-headed ogre hits you with a +0 giant spiked club!!
You die...

#... ..# #... ..## #....
#####... ####..... ##......
...#..... . ###.[....##
#.......# .. ######.........#
##.......#
..###.#..#..#...O..###.......≈≈
....#.#.....#...@.......[$.#
................#.###...##.#
#........#......### ###..####≈#
........##...#..# ##....)..≈≈.
......†..#.....# #...........
.....<.........######.........##
................#.[...........#
......................#.......#
......................#.........


You could see a two-headed ogre.

Vanquished Creatures
  Pikel (D:6)
  An ice beast (D:5)
  A sky beast (D:7)
  3 ogres
  A centaur (D:6)
  3 lemures
  2 bullfrogs
  A scorpion (D:8)
  A howler monkey (D:5)
  A bullfrog zombie (D:6)
  A quasit (D:6)
  3 hounds
  4 orc priests
  2 jellies (D:5)
  An iguana (D:5)
  Ijyb (D:5)
  8 orc wizards
  6 worker ants
  A killer bee zombie (D:6)
  2 hound zombies
  A worker ant zombie (D:6)
  12 adders
  A howler monkey skeleton (D:6)
  4 river rats (D:6)
  A white imp (D:6)
  2 oozes
  2 adder zombies (D:5)
  An adder skeleton (D:4)
  A worm (D:5)
  2 dart slugs (D:1)
  5 leopard geckos
  22 orcs
  5 bats
  10 giant cockroaches
  5 goblins (D:3)
  15 hobgoblins
  6 jackals
  4 quokkas
  A ball python (D:5)
  4 frilled lizards
  A jackal skeleton (D:7)
  5 kobolds
  2 quokka skeletons
  2 quokka zombies
  9 rats
167 creatures vanquished.

Vanquished Creatures (others)
  2 withered plants (D:4)
2 creatures vanquished.

Grand Total: 169 creatures vanquished

Notes
Turn   | Place    | Note
-------+----------+-------------------------------------------
     0 | D:1      | rednaxela the Barachi Brigand began the quest for the Orb.
     0 | D:1      | Reached XP level 1. HP: 17/17 MP: 1/1
   100 | D:1      | Reached skill level 1 in Armour
   126 | D:1      | Reached XP level 2. HP: 23/23 MP: 2/2
   732 | D:1      | Reached XP level 3. HP: 28/28 MP: 3/3
   967 | D:1      | Reached skill level 3 in Fighting
  1120 | D:1      | Reached skill level 2 in Armour
  1120 | D:1      | Reached skill level 2 in Dodging
  1919 | D:2      | Reached XP level 4. HP: 35/35 MP: 4/4
  1942 | D:2      | Found an iron altar of Okawaru.
  1972 | D:2      | Became a worshipper of Warmaster Okawaru
  2732 | D:3      | Reached skill level 1 in Maces & Flails
  2736 | D:3      | Reached skill level 2 in Maces & Flails
  2736 | D:3      | Reached XP level 5. HP: 31/41 MP: 5/5
  2947 | D:3      | You fall into a shaft and drop 3 floors!
  3040 | D:6      | Reached skill level 3 in Maces & Flails
  3141 | D:5      | Entered Level 5 of the Dungeon
  3186 | D:5      | Found Fanif's Weapon Shop.
  3275 | D:5      | Reached skill level 4 in Maces & Flails
  3275 | D:5      | Reached XP level 6. HP: 22/47 MP: 6/6
  3641 | D:5      | Reached * piety under Okawaru
  3642 | D:5      | Reached skill level 5 in Maces & Flails
  3894 | D:4      | Reached skill level 6 in Maces & Flails
  3894 | D:4      | Reached XP level 7. HP: 27/52 MP: 7/7
  4166 | D:3      | Reached skill level 3 in Armour
  4516 | D:4      | Reached skill level 4 in Fighting
  4516 | D:4      | Reached skill level 3 in Dodging
  4944 | D:4      | Reached skill level 4 in Armour
  5279 | D:4      | Found a runed translucent door.
  5279 | D:4      | Noticed GoldenjunoSP's ghost (amateur DrTm)
  5573 | D:5      | Reached skill level 4 in Dodging
  5689 | D:5      | Noticed Ijyb
  5699 | D:5      | HP: 2/55 [acid (16)]
  5705 | D:5      | Killed Ijyb
  5706 | D:5      | Reached XP level 8. HP: 2/61 MP: 8/8
  6128 | D:5      | Reached skill level 5 in Fighting
  6208 | D:5      | Found Wiedu's Distillery.
  6224 | D:5      | Bought a potion of heal wounds for 65 gold pieces
  6224 | D:5      | Bought a potion of lignification for 39 gold pieces
  6224 | D:5      | Bought a potion of curing for 39 gold pieces
  6601 | D:5      | Reached ** piety under Okawaru
  6602 | D:5      | Reached skill level 5 in Armour
  7181 | D:6      | Reached skill level 6 in Fighting
  7181 | D:6      | Reached skill level 5 in Dodging
  7337 | D:6      | Reached skill level 1 in Bows
  7541 | D:6      | Reached skill level 2 in Bows
  7720 | D:6      | Found a broken altar of Ashenzari.
  7734 | D:6      | Reached skill level 3 in Bows
  7806 | D:6      | Found an iron altar of Okawaru.
  7962 | D:6      | Noticed Pikel
  7988 | D:6      | Killed Pikel
  7988 | D:6      | Reached *** piety under Okawaru
  7989 | D:6      | Reached skill level 5 in Bows
  7989 | D:6      | Reached XP level 9. HP: 49/69 MP: 9/9
  8568 | D:7      | Identified the +9 quarterstaff of the Thing {vamp, +Inv}
  8700 | D:7      | Reached skill level 6 in Bows
  8774 | D:7      | Found a staircase to the Ecumenical Temple.
  9108 | D:7      | Found a white marble altar of Elyvilon.
  9338 | D:7      | Found a basalt altar of Yredelemnul.
  9389 | D:7      | Upgraded the game from 0.27-a0-597-g524d869a0f to
                  | 0.27-a0-604-g29a88b33a7
  9461 | D:8      | Noticed Grum
  9485 | D:8      | Noticed a two-headed ogre
  9493 | D:8      | Slain by a two-headed ogre

Illustrated notes

Levels and vault maps discovered:
D:1:      dpeg_arrival_prison, layout_basic
D:2:      layout_rooms, lemuel_crystal_altar, serial_aquarium,
          aquarium_bridge_square [aquarium_subvault_bridge,
          aquarium_subvault_bridge, aquarium_subvault_bridge,
          aquarium_subvault_wall], aquarium_bridge_straight
          [aquarium_subvault_bridge, aquarium_subvault_wall,
          aquarium_subvault_bridge, aquarium_subvault_wall], aquarium_window_1,
          aquarium_window_double, aquarium_window_fake, aquarium_view_2c,
          aquarium_balcony_3a, minmay_ruptured
D:3:      layout_rooms
D:4:      layout_loops_ring, gammafunk_ghost_grave, minmay_misc_feat_doors,
          minmay_misc_feat_x, kennysheep_generic_room_14
D:5:      minmay_diamond_boxcup, layout_loops_cross, serial_shops, shop, shop,
          uniq_ijyb
D:6:      layout_layer_cave, gup_sewer_entry_bubbles, basic_altar,
          kennysheep_okawaru_gauntlet, uniq_pikel
D:7:      layout_gridville, kennysheep_ying_yang,
          minmay_temple_entry_mini_moons, hangedman_abyss_or_decor_passed
D:8:      kennysheep_ambush_hall, layout_cave_pools,
          grunt_temple_overflow_magic_moments, erik_lair_island, serial_shops,
          kennysheep_mini_moat, kennysheep_opposing_triangles, uniq_erica,
          uniq_grum, uniq_gastronok

Skill      XL: |  1  2  3  4  5  6  7  8  9 |
---------------+----------------------------+-----
Armour         | 1 2 4 5 |  5.5
Fighting       | 3 4 6 |  6.0
Dodging        | 2 4 5 |  5.1
Maces & Flails | 2 4 6 |  6.0
Bows           | 5 6 |  6.9
Short Blades   | |  2.2
Throwing       | |  2.0
Stealth        | |  3.6

Action                   |  1- 3 |  4- 6 |  7- 9 || total
-------------------------+-------+-------+-------++-------
Melee: Dagger            |    72 |    63 |       ||   135
       Whip              |       |   111 |   294 ||   405
       Flail             |       |    22 |    69 ||    91
       Quarterstaff      |       |       |    44 ||    44
 Fire: Hunting sling     |    85 |       |       ||    85
  Use: Potion            |       |       |     1 ||     1
       Scroll            |       |       |     1 ||     1
 Stab: Sleeping          |     3 |     1 |       ||     4
       Invisible         |       |       |     1 ||     1
Armor: Robe              |    18 |       |       ||    18
       Ring mail         |     9 |    73 |       ||    82
       Scale mail        |       |     2 |   170 ||   172
Dodge: Dodged            |    66 |    98 |   214 ||   378

Table legend: (Time is in decaauts)
 A = Elapsed time spent in this place.
 B = Non-inter-level travel time spent in this place.
 C = Inter-level travel time spent in this place.
 D = Time resting spent in this place.
 E = Time spent auto-exploring this place.
 F = Levels seen in this place.
 G = Mean time per level.
                   A        B        C        D        E       F      G
               +--------+--------+--------+--------+--------+-----+--------+
         Total |  10483 |  10110 |    373 |   1458 |   6662 |   8 | 1310.4 |
       Dungeon |  10483 |  10110 |    373 |   1458 |   6662 |   8 | 1310.4 |
               +--------+--------+--------+--------+--------+-----+--------+

Top non-repeatable levels by time:
     D:6: 2072 daAuts
     D:5: 1861 daAuts
     D:1: 1644 daAuts
     D:4: 1521 daAuts
     D:2: 1339 daAuts
     D:7: 1054 daAuts
     D:3: 937 daAuts
     D:8: 52 daAuts
